 Dungeon Crawl Stone Soup version 0.26-a0-940-gf7e0b5f775 (webtiles) character file.

Game seed: 10466358754069553185

381 DarkMailMan the Chopper (level 6, -5/55 HPs)
             Began as a Hill Orc Fighter on Nov 27, 2020.
             Slain by Duvessa
             ... wielding a +0 short sword
              (11 damage)
             ... on level 4 of the Dungeon.
             The game lasted 00:04:15 (3859 turns).

DarkMailMan the Chopper (Hill Orc Fighter)          Turns: 3859, Time: 00:04:16

Health: -5/55      AC:  8    Str: 21    XL:     6   Next: 75%
Magic:  6/6        EV:  7    Int:  8    God:
Gold:   142        SH:  9    Dex: 10    Spells: 5/5 levels left

rFire    . . .     SeeInvis .   a - +0 war axe
rCold    . . .     Faith    .   c - +0 kite shield
rNeg     . . .     Spirit   .   b - +0 scale mail
rPois    .         Reflect  .   (no helmet)
rElec    .         Harm     .   (no cloak)
rCorr    .         Rampage  .   r - +0 pair of gloves
MR       .....                  (no boots)
Stlth    ..........             (no amulet)
HPRegen  0.18/turn              (no ring)
MPRegen  0.10/turn              (no ring)

@: no status effects
A: no striking features
a: no special abilities


You were on level 4 of the Dungeon.
You visited 1 branch of the dungeon, and saw 4 of its levels.

You collected 142 gold pieces.

Inventory:

Hand Weapons
 a - a +0 war axe (weapon)
Missiles
 o - 5 javelins (quivered)
Armour
 b - a +0 scale mail (worn)
 c - a +0 kite shield (worn)
 p - a +0 robe
 r - a +0 pair of gloves (worn)
Jewellery
 x - a cursed ring of attention {unknown}
Wands
 w - a wand of random effects (18)
Scrolls
 i - a scroll of immolation {unknown}
 k - 4 scrolls of identify {unknown}
 n - 2 scrolls of teleportation {unknown}
 q - a scroll of noise {unknown}
 s - a scroll of enchant weapon {unknown}
 t - 2 scrolls of enchant armour {unknown}
Potions
 d - a potion of might
 e - 4 potions of curing {unknown}
 f - 2 potions of flight {unknown}
 g - a potion of haste {unknown}
 h - 2 potions of heal wounds {unknown}
 j - a potion of ambrosia {unknown}
 l - 3 potions of resistance {unknown}
 m - a potion of lignification {unknown}
 u - 2 potions of brilliance {unknown}
 v - a potion of attraction {unknown}


   Skills:
 + Level 4.9 Fighting
 + Level 6.5 Axes
 + Level 4.4 Armour
 + Level 0.7 Dodging
 + Level 0.1 Stealth
 + Level 4.3 Shields


You had 5 spell levels left.
You didn't know any spells.
Your spell library contained the following spells:

 Spells                   Type           Power        Failure   Level
 Magic Dart               Conj           #...         99%         1
 Blink                    Tloc           N/A          100%        2
 Call Imp                 Summ           #.......     100%        2
 Slow                     Hex            #.......     100%        2
 Confusing Touch          Hex            #.......     100%        3
 Conjure Flame            Conj/Fire      #.......     100%        3
 Gell's Gravitas          Tloc           #.........   100%        3
 Mephitic Cloud           Conj/Pois/Air  #.......     100%        3
 Petrify                  Tmut/Erth      #.......     100%        4
 Metabolic Englaciation   Hex/Ice        #.........   100%        5
 Yara's Violent Unravell  Hex/Tmut       #.........   100%        5


Dungeon Overview and Level Annotations

Branches:
Dungeon (4/15)
 Temple: D:4-7

Altars:
Ashenzari
Cheibriados
Makhleb
Wu Jian

Annotations:
D:4 Duvessa


Message History

Duvessa screams, "No!
How DARE you!"
Duvessa goes berserk!
You block Duvessa's attack. Duvessa hits you with a +0 short sword.
You completely miss Duvessa.
Duvessa is moderately wounded.
You block Duvessa's attack.
Unknown command.
You hit Duvessa but do no damage.
Duvessa is moderately wounded.
Duvessa hits you with a +0 short sword. Duvessa hits you but does no damage.
Duvessa hits you with a +0 short sword!
* * * LOW HITPOINT WARNING * * *
You barely miss Duvessa.
Duvessa is moderately wounded.
Duvessa barely misses you.
Sorry, you're not good enough to have a special ability.
You hit Duvessa.
Duvessa is moderately wounded.
Duvessa hits you with a +0 short sword!
You die...

##### ###.<.## $##
#..e@..# .....
##..)..##.....
###......(.. ..
#..............
##.......#....... ##
#.......###......
#.####......#........
##.....##.............
#...................#


You could see Duvessa (berserk).

Vanquished Creatures
  Dowan (D:4)
  A hound (D:3)
  Jessica (D:2)
  2 worker ants
  8 gnolls
  7 adders
  An ooze (D:2)
  2 worms (D:2)
  2 dart slugs
  3 leopard geckos
  2 orcs (D:3)
  2 ball pythons
  6 bats
  7 giant cockroaches
  10 goblins
  2 hobgoblins
  5 jackals
  7 kobolds
  2 frilled lizards (D:1)
  7 rats
78 creatures vanquished.

Notes
Turn   | Place    | Note
-------+----------+-------------------------------------------
     0 | D:1      | DarkMailMan the Hill Orc Fighter began the quest for the
                  | Orb.
     0 | D:1      | Reached XP level 1. HP: 19/19 MP: 1/1
   156 | D:1      | Reached XP level 2. HP: 27/27 MP: 2/2
   325 | D:1      | Reached skill level 3 in Axes
   934 | D:1      | Reached XP level 3. HP: 28/33 MP: 3/3
  1040 | D:2      | Found a broken altar of Ashenzari.
  1040 | D:2      | Found an ornate altar of the Wu Jian Council.
  1040 | D:2      | Found a snail-covered altar of Cheibriados.
  1250 | D:2      | Reached skill level 4 in Axes
  1264 | D:2      | Reached XP level 4. HP: 24/40 MP: 4/4
  1622 | D:2      | Found a burning altar of Makhleb.
  2203 | D:2      | Reached skill level 5 in Axes
  2203 | D:2      | Reached XP level 5. HP: 46/46 MP: 5/5
  2250 | D:2      | Noticed Jessica
  2267 | D:2      | Killed Jessica
  2831 | D:3      | Reached XP level 6. HP: 30/53 MP: 6/6
  3082 | D:3      | Found a faded altar of an unknown god.
  3199 | D:3      | Reached skill level 6 in Axes
  3827 | D:4      | Noticed Dowan
  3827 | D:4      | Noticed Duvessa
  3855 | D:4      | Killed Dowan
  3859 | D:4      | Slain by Duvessa

Illustrated notes

Levels and vault maps discovered:
D:1:      elethiomel_arrival_shortcut, layout_loops_corners, dk_noncrumbling_3,
          st_stairs_10, serial_bayou_ford_a
D:2:      layout_rooms, lightli_temple_of_fire, minitemple, uniq_jessica
D:3:      layout_basic, chequers_ecumenical_altar_simple_redux,
          minmay_misc_feat_hallway
D:4:      layout_cave_pools, kennysheep_mini, uniq_ijyb, uniq_duvessa

Skill      XL: |  1  2  3  4  5  6 |
---------------+-------------------+-----
Axes           | 3 4 5 6 |  6.5
Fighting       | 4 |  4.9
Armour         | 4 |  4.4
Shields        | 4 |  4.3
Dodging        | |  0.7
Stealth        | |  0.1

Action                   |  1- 3 |  4- 6 || total
-------------------------+-------+-------++-------
Melee: War axe           |    99 |   155 ||   254
Armor: Scale mail        |    60 |    90 ||   150
Dodge: Dodged            |    32 |    39 ||    71
Block: Kite shield       |    54 |   104 ||   158

Table legend: (Time is in decaauts)
 A = Elapsed time spent in this place.
 B = Non-inter-level travel time spent in this place.
 C = Inter-level travel time spent in this place.
 D = Time resting spent in this place.
 E = Time spent auto-exploring this place.
 F = Levels seen in this place.
 G = Mean time per level.
                   A        B        C        D        E       F      G
               +--------+--------+--------+--------+--------+-----+--------+
         Total |   3950 |   3896 |     54 |   1016 |   2127 |   4 |  987.5 |
       Dungeon |   3950 |   3896 |     54 |   1016 |   2127 |   4 |  987.5 |
               +--------+--------+--------+--------+--------+-----+--------+

Top non-repeatable levels by time:
     D:2: 1748 daAuts
     D:3: 1094 daAuts
     D:1: 1040 daAuts
     D:4: 67 daAuts
